 Dungeon Crawl Stone Soup version 0.18-b1-10-g3f7de93 (webtiles) character file.

67 Denapoli the Sneak (level 3, -3/16 HPs)
             Began as a Spriggan Enchanter on Apr 29, 2016.
             Killed from afar by RudyRod's ghost (10 damage)
             ... with a puff of flame
             ... on level 3 of the Dungeon.
             The game lasted 00:05:20 (2429 turns).

Denapoli the Sneak (Spriggan Enchanter)             Turns: 2429, Time: 00:05:20

Health: -3/16      AC:  3    Str:  9    XL:     3   Next: 98%
Magic:  3/8        EV: 18    Int: 16    God:
Gold:   76         SH:  0    Dex: 17    Spells: 2 memorised, 4 levels left

rFire  . . .     SeeInvis +     a - +1 dagger
rCold  . . .     Gourm    .     b - +1 robe
rNeg   . . .     Faith    .     (shield restricted)
rPois  .         Spirit   .     (helmet restricted)
rElec  .         Dismiss  .     (no cloak)
rCorr  .         Reflect  .     (gloves unavailable)
SustAt .         Harm     .     (boots unavailable)
MR     .....                    (no amulet)
Stlth  +++.......               (no ring)
                                (no ring)

@: mighty, very slightly contaminated, very quick, not resistant to hostile
enchantments, fairly stealthy
A: unfitting armour, see invisible, herbivore 3, speed 3, slow metabolism 2
a: no special abilities


You were on level 3 of the Dungeon.
You were not hungry.

You visited 1 branch of the dungeon, and saw 3 of its levels.

You collected 76 gold pieces.

Inventory:

Hand Weapons
 a - a +1 dagger (weapon)
 q - a +1 dagger of draining
Missiles
 m - 2 throwing nets (quivered)
Armour
 b - a +1 robe (worn)
Scrolls
 k - a scroll of enchant armour {unknown}
Potions
 f - a potion of lignification {unknown}
 g - a potion of might
 n - a potion of haste {unknown}
 r - a potion of magic {unknown}
Books
 c - a book of Maledictions

   Spells                             Type                      Level
   a - Corona                         Hexes                        1
   b - Ensorcelled Hibernation        Hexes/Ice                    2
   c - Confuse                        Hexes                        3
   d - Tukima's Dance                 Hexes                        3
   e - Dazzling Spray                 Conjuration/Hexes            3
Comestibles
 d - 4 bread rations
 o - 4 fruits
 p - a slice of pizza


   Skills:
 * Level 3.6 Short Blades
 - Level 3.0 Dodging
 + Level 5.4 Stealth
 - Level 2.6 Spellcasting
 - Level 3.6 Hexes


You had 4 spell levels left.
You knew the following spells:

 Your Spells              Type           Power        Failure   Level  Hunger
a - Corona                Hex            ##.....      6%          1    #......
b - Ensorcelled Hibernat  Hex/Ice        #.....       17%         2    ##.....


Dungeon Overview and Level Annotations

Branches:
Dungeon (3/15)

Altars:
Cheibriados

Annotations:
D:3 RudyRod's ghost, amateur DsFE


Innate Abilities, Weirdness & Mutations

You are tiny and cannot use many weapons and most armour.
You have supernaturally acute eyesight.
You are a herbivore.
You cover ground extremely quickly.
You need consume almost no food.


Message History

Read which item? (? for menu, Esc to quit)
As you read the scroll labeled INGUCI LEIHEIJEK, it crumbles to dust.
You feel blessed for a moment.
It was a scroll of remove curse.
The hobgoblin starts to cry.
RudyRod's ghost points at you and mumbles some strange words.
The flame tongue misses you.
Read which item? (? for menu, Esc to quit)
As you read the scroll labeled QUFA IREAFO, it crumbles to dust.
The dust glows mottled scarlet!
It was a scroll of random uselessness.
Cornered, the hobgoblin turns to fight!
Cornered, the jackal turns to fight!
Read which item? (? for menu, Esc to quit)
Blink to where?
Press: ? - help, Dir - move target cursor, p - jackal You are very lightly contaminated with residual magic.
As you read the scroll labeled KIMIUNOBOM, it crumbles to dust.
It was a scroll of blinking.
RudyRod's ghost points at you and mumbles some strange words.
The puff of flame hits you!
Ouch! That really hurt!
You die...

..........................<..
.........###.#.##.#.#......#.
.............#.##.#.#..._....
..........##.#.##.#........#.
..........##.#.##.#.#........
..........##.#.##.#.#..(.....
..........##.#.##.#..........
.#>..........................
#.#####.w##@#.# .#..#####.#.
# #. #r.##.#.## #.. .... #..
#........# #..##..##.#......
#......##.#...... #.......#.#
..... #.......#W# .....
....###..#.# ####
##.####[.#ยง#


You could see RudyRod's ghost.

Vanquished Creatures
  3 adders (D:2)
  An adder zombie (D:3)
  A giant gecko (D:2)
  An orc (D:3)
  A giant cockroach (D:1)
  4 hobgoblins
  A ball python (D:2)
  9 bats
  A giant gecko skeleton (D:3)
  A giant newt (D:2)
  4 goblins
  6 kobolds
  2 rats
35 creatures vanquished.

Notes
Turn   | Place    | Note
--------------------------------------------------------------
     0 | D:1      | Denapoli the Spriggan Enchanter began the quest for the Orb.
     0 | D:1      | Reached XP level 1. HP: 9/9 MP: 5/5
   707 | D:1      | Reached XP level 2. HP: 12/13 MP: 6/6
   711 | D:1      | Learned a level 2 spell: Ensorcelled Hibernation
  1385 | D:2      | Reached XP level 3. HP: 16/16 MP: 2/8
  1588 | D:2      | Reached skill level 5 in Stealth
  2142 | D:3      | Found a snail-covered altar of Cheibriados.
  2161 | D:3      | Noticed RudyRod's ghost (amateur DsFE)
  2429 | D:3      | Killed from afar by RudyRod's ghost

Skill      XL: |  1  2  3 |
---------------+----------+-----
Short Blades   | 2 3 |  3.6
Stealth        | 5 |  5.4
Dodging        | |  3.0
Spellcasting   | |  2.6
Hexes          | |  3.6

Action                   || total
-------------------------++-------
Melee: Dagger            ||   131
 Cast: Ensorcelled Hiber ||    13
  Use: Scroll            ||     4
       Potion            ||     2
 Stab: Sleeping          ||    20
       Distracted        ||     1
Armor: Robe              ||    25
Dodge: Dodged            ||   114
